 Dungeon Crawl Stone Soup version 0.28.0-1-gb440e238dd (webtiles) character file.

Game seed: 10429961059536047651

6402 croobank the Blocker (level 10, -1/73 HPs)
             Began as a Gnoll Fighter on Feb 28, 2022.
             Was an Initiate of Ashenzari.
             Slain by a yak (12 damage)
             ... on level 9 of the Dungeon.
             The game lasted 00:38:44 (9212 turns).

croobank the Blocker (Gnoll Fighter)                Turns: 9212, Time: 00:38:45

Health: -1/73      AC:  9    Str: 20    XL:     10   Next: 98%
Magic:  18/18      EV: 17    Int:  5    God:    Ashenzari [......]
Gold:   185        SH:  7    Dex: 18    Spells: 2/20 levels left

rFire   . . .      SeeInvis +   W - +5 war axe "Lashed Negation" {flame, Fort, Comp} (curse)
rCold   . . .      Faith    .   c - +0 buckler
rNeg    . . .      Spirit   .   b - +0 scale mail
rPois   .          Reflect  .   f - +0 hat {SInv}
rElec   .          Harm     .   T - +0 cloak
rCorr   .          Rampage  .   (no gloves)
Will    .....                   (no boots)
Stlth   ++........              (no amulet)
HPRegen 0.22/turn               e - +6 ring of dexterity
MPRegen 0.16/turn               x - +4 ring of evasion

@: no status effects
A: fangs 1, strong nose, distributed training, horns 1, dopey 1, frail 1,
MP-powered wands
a: Renounce Religion, Shatter the Chains


You were on level 9 of the Dungeon.
You worshipped Ashenzari.
Ashenzari was noncommittal.
You visited 2 branches of the dungeon, and saw 10 of its levels.

You collected 354 gold pieces.
You spent 169 gold pieces at shops.

Inventory:

Hand Weapons
 a - a +4 vorpal battleaxe
 N - a +2 hand axe of freezing
 S - a +3 quarterstaff of chaos
 U - a +4 vorpal flail
 W - the cursed +5 war axe "Lashed Negation" (weapon) {flame, Fort, Comp}

   It burns those it strikes, dealing additional fire damage.
   Big, fiery blades are also staple armaments of hydra-hunters.
   It has a curse which improves the following skills: Fortitude: Armour and
   Shields.
   Companions: Summonings and Necromancy.
Missiles
 g - 186 arrows
 i - 159 stones (quivered)
 t - 4 boomerangs
 A - 6 poisoned darts
 E - 40 bolts
 G - 80 sling bullets
 Y - 5 silver javelins
Armour
 b - a +0 scale mail (worn)
 c - a +0 buckler (worn)
 f - a +0 hat of see invisible (worn)
 m - a scarf of harm
 p - a +0 plate armour
 K - a +0 helmet
 M - +0 steam dragon scales
 O - a +0 kite shield
 T - a +0 cloak (worn)
Magical Staves
 w - a staff of air
 C - a staff of death
Jewellery
 e - a +6 ring of dexterity (left hand)
 x - a +4 ring of evasion (right hand)
 y - a ring of magical power
 B - a ring of ice
Wands
 r - a wand of iceblast (15)
 s - a wand of acid (9)
 J - a wand of polymorph (3)
 R - a wand of digging (5)
 V - a wand of charming (5)
Scrolls
 j - a scroll of fear
 o - a scroll of amnesia
 u - 2 scrolls of identify
 D - a scroll of fog
 L - a scroll of immolation
Potions
 h - 2 potions of attraction
 k - a potion of might
 l - 2 potions of magic
 n - a potion of brilliance
 v - 2 potions of curing
 z - a potion of heal wounds {unknown}
 F - 2 potions of haste
 I - a potion of cancellation {unknown}
 Q - 3 potions of invisibility


   Skills:
 + Level 8.8 Fighting
 + Level 5.8 Short Blades
 + Level 5.8 Long Blades
 + Level 7.4 Axes
 + Level 5.8 Maces & Flails
 + Level 5.8 Polearms
 + Level 5.8 Staves
 + Level 5.8 Slings
 + Level 5.8 Bows
 + Level 5.8 Crossbows
 + Level 5.8 Throwing
 + Level 8.8(9.3) Armour
 + Level 5.8 Dodging
 + Level 5.8 Stealth
 + Level 8.8(9.3) Shields
 + Level 5.8 Unarmed Combat
 + Level 5.8 Spellcasting
 + Level 4.7 Conjurations
 + Level 4.7 Hexes
 + Level 4.7(5.2) Summonings
 + Level 4.7(5.2) Necromancy
 + Level 4.7 Translocations
 + Level 4.7 Transmutations
 + Level 4.7 Fire Magic
 + Level 4.7 Ice Magic
 + Level 4.7 Air Magic
 + Level 4.7 Earth Magic
 + Level 4.7 Poison Magic
 + Level 6.3 Invocations
 + Level 5.8 Evocations


You had 2 spell levels left.
You knew the following spells:

 Your Spells              Type           Power      Damage    Failure   Level
a - Irradiate             Conj/Tmut      3%         3d15      98%         5
b - Mephitic Cloud        Conj/Pois/Air  6%         N/A       36%         3
c - Dragon Form           Tmut           3%         N/A       100%        7
d - Stone Arrow           Conj/Erth      12%        3d7       36%         3

Your spell library contained the following spells:

 Spells                   Type           Power      Damage    Failure   Level
 Animate Skeleton         Necr           12%        N/A       11%         1
 Pain                     Necr           24%        1d5       11%         1
 Magic Dart               Conj           24%        1d4       13%         1
 Sandblast                Erth           12%        2d6       13%         1
 Call Imp                 Summ           6%         N/A       16%         2
 Passwall                 Tmut/Erth      5%         N/A       19%         2
 Vampiric Draining        Necr           6%         2d6       32%         3
 Ignite Poison            Fire/Tmut/Pois 6%         N/A       36%         3
 Blade Hands              Tmut           3%         N/A       98%         5
 Freezing Cloud           Conj/Ice/Air   3%         6-21      98%         5


Dungeon Overview and Level Annotations

Branches:
Dungeon (9/15)             Temple (1/1) D:7
   Lair: D:8-11         Orc: D:9-12

Altars:
Ashenzari
Cheibriados
Dithmenos
Elyvilon
Fedhas
Gozag
Hepliaklqana
Kikubaaqudgha
Makhleb
Nemelex Xobeh
Okawaru
Ru
Sif Muna
Trog
Uskayaw
Vehumet
Xom
Yredelemnul
Zin
The Shining One

Shops:
D:2 *   D:8 *

Annotations:
D:7 2 transporters, wootz's ghost, novice DgFi


Innate Abilities, Weirdness & Mutations

You have very sharp teeth.
Your uncanny sense of smell can sniff out nearby items.
Your experience applies equally to all skills.
You have a pair of small horns on your head.
You are dopey. (Int -2)
You are frail. (-10% HP)
You expend magic power (3 MP) to strengthen your wands.


Message History

The yak gores you.
The orc priest casts a cantrip, but nothing happens.
You slash the yak! You burn the yak.
You kill the yak!
You slash the yak! You burn the yak. You bite the yak, but do no damage.
The yak is lightly wounded.
The orc priest looks encouraged for a moment.
The yak gores you but does no damage.
You hit the yak. You burn the yak.
The yak is moderately wounded.
The orc priest misses you. The yak gores you.
The orc priest mumbles some strange prayers to Beogh against you.
Beogh smites you!
* * * LOW HITPOINT WARNING * * *
Okay, then.
Okay, then.
As you read the scroll of fear, it crumbles to dust.
You assume a fearsome visage.
The orc looks frightened!
The warg looks frightened!
The orc priest looks frightened! x2
The orc warrior looks frightened!
The yak resists with some effort.
The bullfrog looks frightened!
The yak looks frightened! x2
Cornered, the orc priest turns to fight!
Cornered, the yak turns to fight!
The orc priest calls down the wrath of Beogh upon you.
Beogh smites you!
* * * LOW HITPOINT WARNING * * *
You see here a bullfrog skeleton.
Okay, then.
As you read the scroll of identify, it crumbles to dust.
F - 2 potions of haste The yak completely misses you.
The orc priest invokes the aid of Beogh against you.
Beogh smites you!
* * * LOW HITPOINT WARNING * * *
It was a potion of mutation.
You feel extremely strange.
You feel stupid.
You feel frail.
You feel your magical essence link to the dungeon's wands.
A pair of horns grows on your head! The yak gores you!
You die...

.....###.# #...##
#.# ##.## #.# #.#
#.######### #.#
#.........# #.#
#########.# #.#
#.# #.# #.#
##.########### #@#
>............# #Y#
.#.#########.# #.#
.#.# #.# #.#
...###### #.# #o#
........# ##.###.#
#######.###.#.##.#
####.##.###.#.###
#......## ##....#


You could see a yak and an orc priest.

Vanquished Creatures
  Gastronok (D:8)
  Pikel (D:7)
  Sigmund (D:3)
  A wyvern (D:7)
  4 yaks (D:9)
  Eustachio (D:5)
  2 steam dragons
  3 water moccasins
  A sky beast (D:8)
  An orc warrior (D:7)
  A black bear (D:4)
  2 ice beasts (D:5)
  5 ogres
  5 centaurs
  A lemure (D:7)
  A phantom (D:6)
  3 bullfrogs
  2 scorpions
  A wyvern zombie (D:5)
  4 killer bees
  3 howler monkeys
  10 wights
  A centaur zombie (D:8)
  2 hounds (D:7)
  A centaur skeleton (D:5)
  A bullfrog skeleton (D:6)
  4 orc priests
  Crazy Yiuf (D:7)
  Jessica (D:3)
  Natasha (thrice) (D:3)
  An iguana (D:7)
  5 orc wizards
  Terence (D:3)
  A killer bee zombie (D:7)
  A gnoll (D:1)
  A howler monkey skeleton (D:6)
  9 adders
  A shadow imp (D:4)
  An ufetubus (D:7)
  An adder skeleton (D:4)
  2 worms
  5 dart slugs
  20 orcs
  7 endoplasms
  A giant cockroach (D:1)
  7 goblins
  5 hobgoblins
  10 jackals
  7 quokkas
  3 ball pythons
  6 bats
  2 frilled lizards (D:1)
  4 kobolds
  5 rats
174 creatures vanquished.

Vanquished Creatures (others)
  A hornet (D:7)
  2 killer bees (D:7)
  4 fungi (D:7)
7 creatures vanquished.

Grand Total: 181 creatures vanquished

Notes
Turn   | Place    | Note
-------+----------+-------------------------------------------
     0 | D:1      | croobank the Gnoll Fighter began the quest for the Orb.
     0 | D:1      | Reached XP level 1. HP: 23/23 MP: 1/1
    93 | D:1      | Reached XP level 2. HP: 29/29 MP: 2/2
   496 | D:1      | Reached XP level 3. HP: 35/35 MP: 3/3
   544 | D:1      | Reached skill level 1 in Invocations
  1027 | D:2      | Found a faded altar of an unknown god.
  1105 | D:2      | Found Qov Beza's Book Shop.
  1149 | D:2      | Reached skill level 1 in Short Blades
  1149 | D:2      | Reached skill level 1 in Long Blades
  1149 | D:2      | Reached skill level 1 in Maces & Flails
  1149 | D:2      | Reached skill level 1 in Polearms
  1149 | D:2      | Reached skill level 1 in Staves
  1149 | D:2      | Reached skill level 1 in Slings
  1149 | D:2      | Reached skill level 1 in Bows
  1149 | D:2      | Reached skill level 1 in Crossbows
  1149 | D:2      | Reached skill level 1 in Throwing
  1149 | D:2      | Reached skill level 1 in Dodging
  1149 | D:2      | Reached skill level 1 in Stealth
  1149 | D:2      | Reached skill level 1 in Unarmed Combat
  1149 | D:2      | Reached skill level 1 in Spellcasting
  1149 | D:2      | Reached skill level 1 in Evocations
  1152 | D:2      | Found a burning altar of Makhleb.
  1206 | D:2      | Reached XP level 4. HP: 29/41 MP: 5/5
  1340 | D:2      | Found Icaebotui's General Store.
  1344 | D:2      | Bought a scroll of identify for 26 gold pieces
  1344 | D:2      | Bought a scroll of identify for 26 gold pieces
  1758 | D:2      | Reached skill level 1 in Conjurations
  1758 | D:2      | Reached skill level 1 in Hexes
  1758 | D:2      | Reached skill level 1 in Summonings
  1758 | D:2      | Reached skill level 1 in Necromancy
  1758 | D:2      | Reached skill level 1 in Translocations
  1758 | D:2      | Reached skill level 1 in Transmutations
  1758 | D:2      | Reached skill level 1 in Fire Magic
  1758 | D:2      | Reached skill level 1 in Ice Magic
  1758 | D:2      | Reached skill level 1 in Air Magic
  1758 | D:2      | Reached skill level 1 in Earth Magic
  1758 | D:2      | Reached skill level 1 in Poison Magic
  2205 | D:3      | Noticed Sigmund
  2264 | D:4      | Reached XP level 5. HP: 46/47 MP: 6/6
  2423 | D:4      | Reached XP level 6. HP: 23/53 MP: 8/8
  2599 | D:4      | You fall into a shaft and drop 1 floor!
  2599 | D:5      | Entered Level 5 of the Dungeon
  2681 | D:5      | Reached skill level 5 in Axes
  2719 | D:5      | Noticed an ice beast
  2742 | D:5      | Killed an ice beast
  2771 | D:4      | Reached XP level 7. HP: 59/59 MP: 10/10
  3362 | D:5      | Noticed Eustachio
  3378 | D:5      | Killed Eustachio
  3425 | D:5      | Reached XP level 8. HP: 57/67 MP: 12/12
  5222 | D:6      | Reached XP level 9. HP: 39/73 MP: 14/14
  5781 | D:7      | Found a transporter.
  5935 | D:7      | Noticed Pikel
  5941 | D:7      | Killed Pikel
  5942 | D:7      | Reached skill level 5 in Invocations
  6114 | D:7      | Noticed a hornet
  6126 | D:7      | Found a staircase to the Ecumenical Temple.
  6154 | Temple   | Entered the Ecumenical Temple
  6245 | Temple   | Became a worshipper of Ashenzari the Shackled
  6344 | D:7      | Found a transporter.
  6392 | D:7      | Noticed wootz's ghost (novice DgFi)
  6655 | D:7      | Found a runed translucent door.
  6656 | D:7      | Noticed Crazy Yiuf
  6668 | D:7      | Killed Crazy Yiuf
  6845 | D:3      | Killed Sigmund
  6846 | D:3      | Reached XP level 10. HP: 80/80 MP: 17/17
  6865 | D:3      | Noticed Terence
  6868 | D:3      | Killed Terence
  6929 | D:3      | Noticed Natasha
  6934 | D:3      | Killed Natasha
  7027 | D:3      | Noticed Natasha
  7033 | D:3      | Killed Natasha
  7046 | D:3      | Noticed Natasha
  7052 | D:3      | Killed Natasha
  7114 | D:3      | Noticed Jessica
  7122 | D:3      | Killed Jessica
  7446 | D:8      | Reached skill level 5 in Short Blades
  7446 | D:8      | Reached skill level 5 in Long Blades
  7446 | D:8      | Reached skill level 5 in Maces & Flails
  7446 | D:8      | Reached skill level 5 in Polearms
  7446 | D:8      | Reached skill level 5 in Staves
  7446 | D:8      | Reached skill level 5 in Slings
  7446 | D:8      | Reached skill level 5 in Bows
  7446 | D:8      | Reached skill level 5 in Crossbows
  7446 | D:8      | Reached skill level 5 in Throwing
  7446 | D:8      | Reached skill level 5 in Dodging
  7446 | D:8      | Reached skill level 5 in Stealth
  7446 | D:8      | Reached skill level 5 in Unarmed Combat
  7446 | D:8      | Reached skill level 5 in Spellcasting
  7446 | D:8      | Reached skill level 5 in Evocations
  7454 | D:8      | Learned a level 5 spell: Irradiate
  7458 | D:8      | Learned a level 3 spell: Mephitic Cloud
  7466 | D:8      | Learned a level 7 spell: Dragon Form
  7474 | D:8      | Found Weotiwu's General Store.
  7477 | D:8      | Noticed Gastronok
  7616 | D:8      | Killed Gastronok
  7697 | D:8      | Bought a scroll of identify for 26 gold pieces
  7697 | D:8      | Bought a wand of charming (5) for 91 gold pieces
  8785 | D:8      | Found a hazy altar of Hepliaklqana.
  8863 | D:9      | Learned a level 3 spell: Stone Arrow
  9165 | D:9      | Noticed a gargoyle
  9212 | D:9      | Gained mutation: You are dopey. (Int -2) [potion of
                  | mutation]
  9212 | D:9      | Gained mutation: You are frail. (-10% HP) [potion of
                  | mutation]
  9212 | D:9      | Gained mutation: You expend magic power (3 MP) to
                  | strengthen your wands. [potion of mutation]
  9212 | D:9      | Gained mutation: You have a pair of small horns on your
                  | head. [potion of mutation]
  9212 | D:9      | Slain by a yak

Illustrated notes

Levels and vault maps discovered:
D:1:      erik_arrival_triangle_medium, layout_basic, serial_glass,
          glass_columns_c, glass_columns_c, glass_columns_c, glass_columns_b,
          minmay_misc_feat_room, st_stairs_5, minmay_3d_cube
D:2:      layout_loops_ring, basic_altar, hellmonk_ecumenical_altar_arch_garden,
          serial_shops, nicolae_shop_crystal, shop
D:3:      layout_basic, chequers_serial_rivers_micro_c, uniq_terence,
          uniq_natasha, uniq_sigmund, uniq_jessica
D:4:      nicolae_cairo_tiling_large_dashed, layout_rooms
D:5:      layout_basic, uniq_eustachio
D:6:      minmay_general_purpose_star, layout_cave_pools,
          gup_sewer_entry_bubbles, dk_rats_in_the_wall
D:7:      layout_rooms, minmay_temple_entry_arrows, gammafunk_ghost_stat_death,
          uniq_pikel, uniq_crazy_yiuf_cottage
D:8:      layout_cave_pools, nicolae_hepliaklqana_hippocampus, serial_glass,
          glass_columns_a, glass_columns_a, serial_shops, shop, uniq_gastronok
D:9:      layout_loops_ring, david_orc_3, minmay_tree_intersection, uniq_maggie
Temple:   mainiacjoe_temple_bowtie_tessellation

Skill      XL: |  1  2  3  4  5  6  7  8  9 10 |
---------------+-------------------------------+-----
Invocations    | 1 2 3 4 5 6 |  6.3
Short Blades   | 1 2 3 4 5 |  5.8
Long Blades    | 1 2 3 4 5 |  5.8
Maces & Flails | 1 2 3 4 5 |  5.8
Polearms       | 1 2 3 4 5 |  5.8
Staves         | 1 2 3 4 5 |  5.8
Slings         | 1 2 3 4 5 |  5.8
Bows           | 1 2 3 4 5 |  5.8
Crossbows      | 1 2 3 4 5 |  5.8
Throwing       | 1 2 3 4 5 |  5.8
Dodging        | 1 2 3 4 5 |  5.8
Stealth        | 1 2 3 4 5 |  5.8
Unarmed Combat | 1 2 3 4 5 |  5.8
Spellcasting   | 1 2 3 4 5 |  5.8
Evocations     | 1 2 3 4 5 |  5.8
Conjurations   | 1 2 3 4 |  4.7
Hexes          | 1 2 3 4 |  4.7
Summonings     | 1 2 3 4 |  4.7
Necromancy     | 1 2 3 4 |  4.7
Translocations | 1 2 3 4 |  4.7
Transmutations | 1 2 3 4 |  4.7
Fire Magic     | 1 2 3 4 |  4.7
Ice Magic      | 1 2 3 4 |  4.7
Air Magic      | 1 2 3 4 |  4.7
Earth Magic    | 1 2 3 4 |  4.7
Poison Magic   | 1 2 3 4 |  4.7
Axes           | 5 6 7 |  7.4
Fighting       | 7 8 |  8.8
Armour         | 7 8 |  8.8
Shields        | 7 8 |  8.8

Action                   |  1- 3 |  4- 6 |  7- 9 | 10-12 || total
-------------------------+-------+-------+-------+-------++-------
Melee: War axe           |    88 |    92 |   244 |   124 ||   548
       Bite              |    10 |     5 |    26 |    19 ||    60
 Cast: Stone Arrow       |       |       |       |     1 ||     1
Invok: Curse Item        |       |       |       |     1 ||     1
Evoke: Wand              |       |       |     5 |     7 ||    12
  Use: Scroll            |       |     6 |    11 |     7 ||    24
       Potion            |       |     2 |     4 |     1 ||     7
 Stab: Sleeping          |       |       |     1 |     4 ||     5
Armor: Scale mail        |    31 |    34 |    63 |    29 ||   157
Dodge: Dodged            |    45 |    43 |   189 |    85 ||   362
Block: Buckler           |    34 |    28 |    84 |    38 ||   184
